Match 27659707
Unlisted

Match 27659707
End
Engineer Squad
Construct Barracks
Riflemen Squad
Riflemen Squad
Riflemen Squad
Air Support Center
P-47 Dive Bomb
M1918 Browning Automatic Rifles
Construct Weapon Support Center
Selects Advanced Infantry Battlegroup
Selects Convert to Ranger Squad
Bazooka Squad
Bazooka Squad
Selects Frontline Medical Station
Frontline Medical Station
P-47 Dive Bomb
Bazooka Squad
Engineer Squad
P-47 Dive Bomb
Frontline Medical Station
Selects Infantry Assault
Convert to Ranger Squad
Improved M9 Bazooka Rockets
Infantry Assault
Convert to Ranger Squad
Construct Tank Depot
Infantry Assault
M4(105) Sherman Bulldozer
Convert to Ranger Squad
P-47 Dive Bomb
M4(105) Sherman Bulldozer
Bazooka Squad
Infantry Assault
Engineer Squad
Construct Medical Station
P-47 Dive Bomb
M18 Hellcat Tank Destroyer
Infantry Assault
Bazooka Squad
P-47 Dive Bomb
P-47 Dive Bomb
M18 Hellcat Tank Destroyer
Bazooka Squad
Infantry Assault
M18 Hellcat Tank Destroyer
M18 Hellcat Tank Destroyer
sullivan7347
ShadyBull
Friendly Mouse(Poxie)
my worst self
Wrath of Spinach
Tangy Salts
Maikel-sound
Grydork
0
0

Comments sign in to comment!

No comments posted yet!